 Dungeon Crawl Stone Soup version 0.20-a0-1122-gb7cbeb9 (webtiles) character file.

297 Alarkh the Cleaver (level 6, 46/46 HPs)
             Began as a Demonspawn Skald on May 14, 2017.
             Got out of the dungeon alive.
             The game lasted 00:02:36 (2055 turns).

Alarkh the Cleaver (Demonspawn Skald)               Turns: 2055, Time: 00:02:37

Health: 46/46      AC:  3    Str:  9 (12) XL:     6   Next: 12%
Magic:  8/9        EV: 14    Int: 14 (16) God:
Gold:   127        SH:  0    Dex: 10 (12) Spells: 2/9 levels left

rFire    . . .     SeeInvis .   a - +0 hand axe
rCold    . . .     Gourm    .   (no shield)
rNeg     . . .     Faith    .   b - +0 leather armour
rPois    .         Spirit   .   (helmet restricted)
rElec    .         Reflect  .   (no cloak)
rCorr    .         Harm     .   (no gloves)
MR       .....                  (no boots)
Stlth    +.........             (no amulet)
Regen    0.2/turn               (no ring)
MPRegen  0.2/turn               (no ring)

@: no status effects
A: antennae 1, repulsion field 2
a: no special abilities


You escaped.
You were not hungry.

You visited 1 branch of the dungeon, and saw 2 of its levels.

You collected 127 gold pieces.

Inventory:

Hand Weapons
 a - a +0 hand axe (weapon)
Armour
 b - a +0 leather armour (worn)
 h - a +0 helmet
Scrolls
 e - a scroll of magic mapping {unknown}
 f - a scroll of immolation {unknown}
 i - a scroll of recharging {unknown}
 j - 2 scrolls of remove curse
 p - a scroll of identify {unknown}
 s - a scroll of noise {unknown}
Potions
 g - a potion of invisibility {unknown}
 k - a potion of degeneration
 q - a potion of lignification {unknown}
Books
 c - a book of Battle

   Spells                             Type                      Level
   a - Infusion                       Charms                       1
   b - Shroud of Golubria             Charms/Translocation         2
   c - Song of Slaying                Charms                       2
   d - Spectral Weapon                Hexes/Charms                 3
   e - Regeneration                   Charms/Necromancy            3
Comestibles
 d - 3 bread rations
 l - a royal jelly
 m - 2 chunks of flesh
 n - a meat ration
 o - 3 fruits


   Skills:
 + Level 2.4 Fighting
 * Level 10.4 Axes
 + Level 1.4 Armour
 + Level 2.1 Dodging
 - Level 2.0 Spellcasting
 - Level 2.6 Charms


You had 2 spell levels left.
You knew the following spells:

 Your Spells              Type           Power        Failure   Level  Hunger
a - Infusion              Chrm           #...         11%         1    ##.....
b - Regeneration          Chrm/Necr      #.........   50%         3    ####...
c - Spectral Weapon       Hex/Chrm       #.......     50%         3    ####...


Dungeon Overview and Level Annotations

Branches:
Dungeon (2/15)

Altars:
Kikubaaqudgha


Innate Abilities, Weirdness & Mutations

You have a pair of small antennae on your head.
You are surrounded by a moderate repulsion field. (EV +3)


Message History

You barely miss the bat. The bat barely misses you. The bat closely misses you.
You barely miss the bat. The bat misses you.
You slash the bat!
You kill the bat!
No target in view!
No target in view!
No target in view!
No target in view!
No target in view!
No target in view!
No target in view!
No target in view!
No target in view!
No target in view!
No target in view!
No target in view!
No target in view!
No target in view!
Are you sure you want to leave the Dungeon?
This will make you lose the game!
You have escaped!

.)...###..#####..............)...
####.###..##.#.###.#####.........
#.........#.....# #.#..#####
####..###.####.#.#.### #....#
......##...#.........# #....#
####.###.###.#.#.#.#.###...##
.....# #.......#.#.........#
##..## ###.#.###†###.#.##..#
##..# #......@......##..# #...#
##.#.###.###.#.##..#
#.#.#####......#.#........##
.........###.#.#.#.#.###..#
#.#..####.##.........#...###
#.##....#.####.#.#.#####...#
#.#####.#.####.....# ##.#.## ..#
##.#.##.#.###.# #.)#..# .##
#.......### ### #.###.#


There were no monsters in sight!

Vanquished Creatures
  Sigmund (D:2)
  A hound zombie (D:2)
  Robin (D:2)
  2 adders (D:2)
  A bat skeleton (D:2)
  A bat zombie (D:2)
  4 giant cockroaches
  18 goblins
  5 hobgoblins
  3 bats
  2 frilled lizards
  2 jackal skeletons (D:2)
  8 kobolds
  3 rats
52 creatures vanquished.

Notes
Turn   | Place    | Note
-------+----------+-------------------------------------------
     0 | D:1      | Alarkh the Demonspawn Skald began the quest for the Orb.
     0 | D:1      | Reached XP level 1. HP: 16/16 MP: 3/3
    70 | D:1      | Reached skill level 2 in Axes
   276 | D:1      | Gained mutation: You are surrounded by a mild repulsion field. (EV +2) [demonic ancestry]
   276 | D:1      | Reached XP level 2. HP: 9/22 MP: 1/5
   890 | D:1      | Reached skill level 3 in Axes
  1156 | D:2      | Found an ancient bone altar of Kikubaaqudgha.
  1183 | D:2      | Noticed Robin
  1187 | D:2      | Reached XP level 3. HP: 27/27 MP: 2/6
  1189 | D:2      | Reached skill level 10 in Axes
  1189 | D:2      | Reached XP level 4. HP: 26/33 MP: 2/7
  1343 | D:1      | Learned a level 3 spell: Regeneration
  1350 | D:1      | Learned a level 3 spell: Spectral Weapon
  1372 | D:2      | Killed Robin
  1757 | D:2      | Reached skill level 1 in Armour
  1883 | D:2      | Gained mutation: You have a pair of small antennae on your head. [demonic ancestry]
  1883 | D:2      | Reached XP level 5. HP: 38/38 MP: 8/8
  1967 | D:2      | Noticed Sigmund
  1984 | D:2      | Killed Sigmund
  1984 | D:2      | Gained mutation: You are surrounded by a moderate repulsion field. (EV +3) [demonic ancestry]
  1984 | D:2      | Reached XP level 6. HP: 46/46 MP: 0/9
  2055 | D:$      | Got out of the dungeon alive.

Vault maps used:
D:1:      roderic_chinese_lattice_arrival
D:2:      kiku_gazebo_pond_becter, serial_undead, serial_undead_f,
          serial_undead_d, serial_undead_e, serial_undead_d, uniq_sigmund,
          uniq_robin

Skill      XL: |  1  2  3  4  5 |
---------------+----------------+-----
Axes           | 2 3 10 | 10.4
Armour         | 1 |  1.4
Dodging        | 2 |  2.1
Fighting       | |  2.4
Spellcasting   | |  2.0
Charms         | |  2.6

Action                   |  1- 3 |  4- 6 || total
-------------------------+-------+-------++-------
Melee: Hand axe          |    72 |    79 ||   151
 Cast: Infusion          |     6 |     2 ||     8
  Use: Potion            |     2 |     3 ||     5
       Scroll            |       |     1 ||     1
  Eat: Chunk             |     1 |     3 ||     4
Armor: Leather armour    |    23 |    15 ||    38
Dodge: Dodged            |    43 |    53 ||    96
